 Dungeon Crawl Stone Soup version 0.24-a0-439-g6dd8730de2 (webtiles) character file.

Game seed: 7178984713631394414

66684 mortelune the Protected (level 14, -8/136 HPs)
             Began as a Deep Dwarf Fighter on June 18, 2019.
             Was the Champion of Makhleb.
             Mangled by a very large slime creature (54 damage)
             ... on level 12 of the Dungeon.
             The game lasted 01:15:31 (18529 turns).

mortelune the Protected (Deep Dwarf Fighter)       Turns: 18529, Time: 01:15:31

Health: -8/136     AC: 16    Str: 22    XL:     14   Next: 80%
Magic:  21/21      EV:  9    Int: 14    God:    Makhleb [******]
Gold:   503        SH: 12    Dex: 12    Spells: 13/13 levels left

rFire    . . .     SeeInvis .   n - +5 war axe "Saepium" {flame, rN+ Str-2 Int+4}
rCold    + . .     Gourm    .   d - +0 shield
rNeg     + + .     Faith    .   k - +0 swamp dragon scales
rPois    +         Spirit   .   (no helmet)
rElec    .         Reflect  .   a - +0 cloak
rCorr    .         Harm     .   o - +0 pair of gloves
MR       +++..                  e - +0 pair of boots
Stlth    +.........             A - amulet of rage
HPRegen  0.00/turn              H - ring of protection from cold
MPRegen  0.17/turn              U - ring of protection from magic

@: non-regenerating
A: damage resistance, heal wounds, negative energy resistance 1, sense
surroundings 2, no regeneration
a: Heal Wounds, Minor Destruction, Lesser Servant of Makhleb, Major Destruction,
Greater Servant of Makhleb, Renounce Religion, Evoke Berserk Rage


You were on level 12 of the Dungeon.
You worshipped Makhleb.
Makhleb was exalted by your worship.
You were hungry.

You visited 3 branches of the dungeon, and saw 19 of its levels.
You also visited: Ossuary.

You collected 1333 gold pieces.
You spent 830 gold pieces at shops.

Inventory:

Hand Weapons
 n - the +5 war axe "Saepium" (weapon) {flame, rN+ Str-2 Int+4}
   (You found it on level 4 of the Dungeon)

   It has been specially enchanted to burn those struck by it, causing extra
   injury to most foes and up to half again as much damage against particularly
   susceptible opponents.
   Big, fiery blades are also staple armaments of hydra-hunters.
   It affects your strength (-2).
   It affects your intelligence (+4).
   It protects you from negative energy.
 Z - the +6 mace of Kimifust {freeze, rF+ Dex+2}
   (You found it on level 4 of the Lair of Beasts)

   It has been specially enchanted to freeze those struck by it, causing extra
   injury to most foes and up to half again as much damage against particularly
   susceptible opponents.
   It can also slow down cold-blooded creatures.
   It affects your dexterity (+2).
   It protects you from fire.
Missiles
 i - 692 stones (quivered)
 G - 2 atropa-tipped darts
Armour
 a - a +0 cloak (worn)
 d - a +0 shield (worn)
 e - a +0 pair of boots (worn)
 h - the +6 large shield of the Ban {rC+}
   (You bought it in a shop on level 7 of the Dungeon)

   It protects you from cold.
 k - +0 swamp dragon scales (worn)
 o - a +0 pair of gloves (worn)
 Q - the +3 hat of Pondering {ponderous, MR+ MP+10 Int+5}
   (You took it off Gastronok on level 11 of the Dungeon)

   It affects your intelligence (+5).
   It affects your resistance to hostile enchantments.
   It affects your magic capacity (+10).
 R - a +2 hat
 T - the +0 leather armour of Agoraphobia {*Corrode Int+3 SInv}
   (You found it on level 4 of the Lair of Beasts)

   It affects your intelligence (+3).
   It lets you see invisible.
   It may corrode you when you take damage.
Jewellery
 A - an amulet of rage (around neck)
 C - an uncursed ring of resist corrosion
 H - a ring of protection from cold (left hand)
 I - a +5 ring of evasion
 U - a ring of protection from magic (right hand)
 V - an uncursed ring of fire
Wands
 b - a wand of disintegration (40)
 J - a wand of iceblast (21)
 K - a wand of paralysis (29)
 N - a wand of flame (9)
 Y - a wand of polymorph (16)
Scrolls
 c - 2 scrolls of identify
 j - 2 scrolls of fog
 q - 6 scrolls of enchant armour
 u - a scroll of holy word
 x - 4 scrolls of teleportation
 y - 8 scrolls of fear
 B - a scroll of immolation
 L - 5 scrolls of enchant weapon
 O - 3 scrolls of magic mapping
 P - 5 scrolls of remove curse
 W - a scroll of blinking
 X - 2 scrolls of summoning
Potions
 g - 3 potions of brilliance
 r - 4 potions of magic
 s - 12 potions of curing
 t - 4 potions of agility
 v - 3 potions of mutation
 w - 4 potions of haste
 z - a potion of resistance
 D - 5 potions of flight
 E - 4 potions of lignification
 F - a potion of heal wounds
 M - 2 potions of might
 S - 2 potions of ambrosia
Miscellaneous
 l - a box of beasts
 m - a sack of spiders
Comestibles
 f - 42 rations
 p - 4 chunks of flesh


   Skills:
 * Level 11.8 Fighting
 * Level 14.3 Axes
 * Level 14.4 Armour
 + Level 10.9 Shields
 * Level 12.9 Invocations
 + Level 3.2 Evocations


You had 13 spell levels left.
You didn't know any spells.
Your spell library contained the following spells:

 Spells                   Type           Power        Failure   Level  Hunger
 Corona                   Hex            #......      56%         1    ##.....
 Magic Dart               Conj           #...         56%         1    ##.....
 Summon Butterflies       Summ           #.......     56%         1    ##.....
 Ensorcelled Hibernation  Hex/Ice        #.....       71%         2    ###....
 Searing Ray              Conj           #.....       71%         2    ###....
 Call Canine Familiar     Summ           #.......     90%         3    ####...
 Confuse                  Hex            #.......     90%         3    ####...
 Dazzling Spray           Conj/Hex       #.....       90%         3    ####...
 Tukima's Dance           Hex            #.......     90%         3    ####...
 Cause Fear               Hex            #.........   100%        4    #####..
 Force Lance              Conj/Tloc      #.......     100%        4    #####..
 Fulminant Prism          Conj/Hex       #.........   100%        4    #####..
 Iskenderun's Mystic Bla  Conj           #.......     100%        4    #####..
 Summon Ice Beast         Ice/Summ       #.......     100%        4    #####..
 Silence                  Hex/Air        #.........   100%        5    ######.
 Summon Mana Viper        Hex/Summ       #.......     100%        5    ######.
 Yara's Violent Unravell  Hex/Tmut       #.........   100%        5    ######.
 Deflect Missiles         Chrm/Air       #.........   100%        6    #######
 Summon Hydra             Summ           #.........   100%        7    #######
 Discord                  Hex            #.........   100%        8    #######


Dungeon Overview and Level Annotations

Branches:
Dungeon (12/15)            Temple (1/1) D:6            Lair (6/6) D:10
 Shoals (0/4) Lair:4       Spider (0/4) Lair:2        Slime (0/5) Lair:6
    Orc (0/2) D:11

Altars:
Ashenzari
Cheibriados
Dithmenos
Fedhas
Kikubaaqudgha
Makhleb
Okawaru
Qazlal
Ru
Trog
Uskayaw
Wu Jian
Xom
Zin
Jiyva

Shops:
D:7 [%}%[

Annotations:
D:8 2 transporters, Noname's ghost, novice FeTm
Lair:6 3 runed translucent doors, Azzok's ghost, journeyman OpEE


Innate Abilities, Weirdness & Mutations

You are resistant to damage.
You can heal yourself by infusing magical energy.
You resist negative energy. (rN+)
You passively map the area around you.
You do not regenerate.


Message History

The very large slime creature is lightly wounded.
The very large slime creature hits you!!
You slash the very large slime creature!
You burn the very large slime creature!
The very large slime creature is moderately wounded.
The very large slime creature hits you.
You slice the very large slime creature!!
You burn the very large slime creature.
The very large slime creature is heavily wounded.
You block the very large slime creature's attack.
You hit the very large slime creature. You burn the very large slime creature.
The very large slime creature is heavily wounded.
The very large slime creature closely misses you.
You hit the very large slime creature. You burn the very large slime creature.
The very large slime creature is heavily wounded.
You block the very large slime creature's attack.
You barely miss the very large slime creature.
The very large slime creature is heavily wounded.
The very large slime creature hits you!!!
You die...

** *#.####.# #.# ##<##.### *
,,, ,..#.#####.####...#.### *,
*, ,, .#................... *
* J############...#.### #.. ,
,, ##..#.# * # #.#* ** ##.#.#
#.#%# #.######.֠.# * *
###.#.#####.......>#..# , *
..#...J@..#######....# *
*##.#.###...#######.#(# *
#....###............^# ,
#..........#######.#.### *
####.[..##.#### ##....(#
#..........#########......#
*#.#..........................
*
.............####..###......#
....##....#...# #..# ##.....#


You could see a very large slime creature.

Vanquished Creatures
  Gastronok (D:11)
  Kirke (Lair:4)
  A dire elephant (Lair:6)
  Josephine (D:11)
  Erolcha (D:11)
  A hydra (Lair:5)
  2 two-headed ogres
  A death yak (Lair:5)
  2 slime creatures (D:12)
  A sea snake (Lair:6)
  A lindwurm (Lair:5)
  An orc knight (D:12)
  Pikel (D:8)
  2 harpies (Lair:6)
  3 manticores
  5 ugly things
  A cyclops (D:10)
  A wolf spider (Lair:2)
  23 elephants
  6 black mambas
  Joseph (D:7)
  2 gargoyles
  4 torpor snails
  13 spiny frogs
  7 rime drakes
  8 komodo dragons
  A jumping spider (Lair:2)
  5 trolls
  2 polar bears
  A wind drake (Lair:6)
  4 hornets
  6 meliai
  2 queen bees
  Prince Ribbit (D:6)
  7 blink frogs
  10 dream sheep
  6 hippogriffs
  A spriggan (D:7)
  2 redbacks (Lair:2)
  4 wraiths (D:11)
  2 wyverns
  38 yaks
  5 hogs (Lair:4)
  A steam dragon (Lair:5)
  Grum (D:11)
  3 vampire mosquitoes (D:12)
  7 basilisks
  11 porcupines
  13 water moccasins
  A swamp drake (D:11)
  A black bear (D:10)
  8 orc warriors
  2 phantoms
  An ice beast (D:11)
  4 sky beasts
  6 ogres
  5 centaurs
  A necrophage (D:9)
  10 wolves
  5 crocodiles
  4 big kobolds
  Blork the orc (D:8)
  A gnoll sergeant (D:8)
  9 bullfrogs
  A wyvern zombie (D:12)
  3 scorpions
  50 killer bees
  11 wights
  An electric eel (Lair:6)
  2 howler monkeys (D:9)
  5 crimson imps
  4 bullfrog zombies
  A jelly (D:6)
  A quasit (D:12)
  4 human zombies
  11 orc priests
  2 centaur skeletons
  7 centaur zombies
  3 hounds
  A human skeleton (D:9)
  17 orc wizards
  6 worker ants
  2 iguanas
  6 hell rats (Lair:2)
  2 ogre zombies (Ossuary)
  2 hound zombies
  2 hound skeletons
  10 mummies
  4 gnolls (D:9)
  11 adders
  4 shadow imps
  3 oozes (D:3)
  6 adder zombies
  An adder skeleton (D:4)
  3 worms
  3 dart slugs
  6 leopard geckos
  62 orcs
  10 bats
  5 giant cockroaches
  6 goblins
  5 hobgoblins
  22 kobolds
  6 quokkas
  4 ball pythons
  6 frilled lizards
  4 goblin zombies (Ossuary)
  5 hobgoblin zombies (Ossuary)
  2 jackal skeletons (D:6)
  A jackal zombie (D:6)
  3 kobold zombies (Ossuary)
  An orc zombie (Ossuary)
  A quokka skeleton (D:6)
  3 quokka zombies (Ossuary)
  11 rats
  4 rat zombies (Ossuary)
  9 fungi
  7 plants
655 creatures vanquished.

Vanquished Creatures (collateral kills)
  A merfolk avatar (Lair:6)
  2 elephants (Lair:4)
  A spiny frog (Lair:6)
  A hornet (Lair:6)
  4 dream sheep
  A basilisk (Lair:3)
10 creatures vanquished.

Vanquished Creatures (others)
  An orc (D:11)
  A fire vortex (Lair:6)
  32 fungi
  17 plants
51 creatures vanquished.

Grand Total: 716 creatures vanquished

Notes
Turn   | Place    | Note
-------+----------+-------------------------------------------
     0 | D:1      | mortelune the Deep Dwarf Fighter began the quest for the
                  | Orb.
     0 | D:1      | Reached XP level 1. HP: 20/20 MP: 1/1
   204 | D:1      | Reached XP level 2. HP: 27/27 MP: 2/2
  1044 | D:2      | Reached XP level 3. HP: 34/34 MP: 3/3
  1186 | D:2      | Found a shadowy altar of Dithmenos.
  1442 | D:2      | Reached XP level 4. HP: 42/42 MP: 4/4
  2420 | D:3      | Reached XP level 5. HP: 40/49 MP: 5/5
  2517 | D:3      | Found an iron altar of Okawaru.
  2716 | D:3      | Reached skill level 5 in Armour
  3022 | D:4      | Got a transparent war axe
  3024 | D:4      | Identified the +5 war axe "Saepium" {flame, rN+ Str-2
                  | Int+4} (You found it on level 4 of the Dungeon)
  3202 | D:4      | Reached XP level 6. HP: 39/56 MP: 6/6
  3727 | D:5      | Entered Level 5 of the Dungeon
  3979 | D:5      | Reached skill level 5 in Axes
  4299 | D:5      | Reached XP level 7. HP: 39/63 MP: 7/7
  4515 | D:6      | Reached skill level 5 in Shields
  4618 | D:6      | Found a sand-covered staircase.
  4630 | Ossuary  | Entered an ossuary
  4674 | Ossuary  | Reached XP level 8. HP: 54/73 MP: 8/8
  5229 | D:6      | Noticed Prince Ribbit
  5349 | D:6      | Killed Prince Ribbit
  5555 | D:6      | Found a staircase to the Ecumenical Temple.
  5575 | Temple   | Entered the Ecumenical Temple
  5645 | Temple   | Became a worshipper of Makhleb the Destroyer
  5722 | D:6      | Reached skill level 5 in Fighting
  5909 | D:7      | Found a stormy altar of Qazlal.
  5910 | D:7      | Found a bloodstained altar of Trog.
  5926 | D:7      | Found Jiem's Food Shoppe.
  5947 | D:7      | Gained mutation: You passively map the area around you.
                  | [Deep Dwarf growth]
  5947 | D:7      | Reached XP level 9. HP: 58/81 MP: 9/9
  5973 | D:7      | Found Tawe's Gadget Boutique.
  5984 | D:7      | Bought a wand of iceblast (12) for 176 gold pieces
  5984 | D:7      | Bought a wand of paralysis (11) for 143 gold pieces
  6013 | D:7      | Found Mipaep's Armour Emporium.
  6078 | D:7      | Noticed Pikel
  6131 | D:8      | Reached * piety under Makhleb
  6277 | D:8      | Found a transporter.
  6277 | D:8      | Noticed a two-headed ogre
  6282 | D:8      | Found a bloodstained altar of Trog.
  6292 | D:8      | Noticed Noname's ghost (novice FeTm)
  6296 | D:8      | Noticed a moth of wrath
  6457 | D:8      | Noticed a cyclops
  6475 | D:8      | Noticed Blork the orc
  6482 | D:8      | Killed Blork the orc
  6724 | D:8      | Found a transporter.
  7069 | D:8      | Killed Pikel
  7134 | D:7      | Reached ** piety under Makhleb
  7213 | D:7      | Found Conkasur's Antique Armour Shop.
  7238 | D:7      | Found Faeru's Food Shoppe.
  7350 | D:7      | Reached XP level 10. HP: 51/92 MP: 9/9
  7397 | D:7      | Noticed Joseph
  7411 | D:7      | Killed Joseph
  7513 | D:7      | Bought a glowing hat for 217 gold pieces
  8113 | D:9      | Reached skill level 10 in Armour
  8336 | D:9      | Found an ancient bone altar of Kikubaaqudgha.
  8399 | D:9      | Reached *** piety under Makhleb
  8441 | D:10     | Entered Level 10 of the Dungeon
  8494 | D:10     | Reached skill level 1 in Invocations
  8623 | D:10     | Reached skill level 10 in Axes
  8632 | D:10     | Noticed a two-headed ogre
  8649 | D:10     | Killed a two-headed ogre
  8744 | D:10     | Reached XP level 11. HP: 45/103 MP: 11/11
  8752 | D:10     | Found a staircase to the Lair.
  9392 | Lair:1   | Entered Level 1 of the Lair of Beasts
  9475 | Lair:1   | Reached skill level 5 in Invocations
  9602 | Lair:1   | Reached **** piety under Makhleb
 10714 | Lair:2   | Found a shattered altar of Ashenzari.
 10933 | Lair:2   | Reached XP level 12. HP: 112/114 MP: 15/15
 10936 | Lair:2   | Found a hole to the Spider Nest.
 11762 | Lair:4   | Noticed Kirke
 11778 | Lair:4   | Killed Kirke
 11957 | Lair:4   | Reached ***** piety under Makhleb
 12029 | Lair:4   | Got a twisted mace
 12075 | Lair:4   | Found a staircase to the Shoals.
 12102 | Lair:4   | Reached skill level 10 in Fighting
 12352 | Lair:4   | Got a fine leather armour
 12409 | Lair:4   | Identified the cursed +0 leather armour of Agoraphobia
                  | {*Corrode Int+3 SInv} (You found it on level 4 of the Lair
                  | of Beasts)
 12421 | Lair:4   | Identified the +6 mace of Kimifust {freeze, rF+ Dex+2} (You
                  | found it on level 4 of the Lair of Beasts)
 13015 | Lair:5   | Reached XP level 13. HP: 50/123 MP: 18/18
 13233 | Lair:5   | Reached skill level 10 in Invocations
 13299 | Lair:5   | Found a runed translucent door.
 13826 | Lair:5   | HP: 4/124 [lindwurm/blast of flame (22)]
 14120 | Lair:5   | Reached skill level 10 in Shields
 14248 | Lair:5   | Got a distressingly furry robe
 14259 | Lair:5   | Identified the +2 robe of Instinct {+Blink Regen+ Int+4}
                  | (You found it on level 5 of the Lair of Beasts)
 14533 | D:7      | Bought a distressingly furry large shield for 294 gold
                  | pieces
 14545 | D:7      | Identified the +6 large shield of the Ban {rC+} (You bought
                  | it in a shop on level 7 of the Dungeon)
 14760 | Lair:6   | Entered Level 6 of the Lair of Beasts
 14849 | Lair:6   | HP: 3/124 [komodo dragon (59)]
 14957 | Lair:6   | Paralysed by a hornet for 3 turns
 15059 | Lair:6   | Reached ****** piety under Makhleb
 15159 | Lair:6   | Got an iridescent rapier
 15160 | Lair:6   | Identified the +4 rapier "Killer Bee's Foe" {speed, -Tele
                  | rElec rC+} (You found it on level 6 of the Lair of Beasts)
 15203 | Lair:6   | Noticed a dire elephant
 15219 | Lair:6   | Killed a dire elephant
 15330 | Lair:6   | Found a runed translucent gate.
 15331 | Lair:6   | Found a runed translucent gate.
 15332 | Lair:6   | Found a runed translucent gate.
 15335 | Lair:6   | Noticed Azzok's ghost (journeyman OpEE)
 15429 | Lair:6   | Gained mutation: You resist negative energy. (rN+) [Deep
                  | Dwarf growth]
 15429 | Lair:6   | Reached XP level 14. HP: 86/135 MP: 20/20
 15546 | Lair:6   | Found a viscous altar of Jiyva.
 15546 | Lair:6   | Found a staircase to the Slime Pits.
 15766 | Lair:6   | Paralysed by a hornet for 3 turns
 16920 | D:11     | Noticed Erolcha
 16927 | D:10     | Reached skill level 1 in Evocations
 16966 | D:11     | Noticed Gastronok
 17001 | D:11     | Killed Gastronok
 17004 | D:11     | Noticed Grum
 17018 | D:11     | Killed Grum
 17153 | D:11     | Killed Erolcha
 17231 | D:10     | HP: 1/135 [red ugly thing (18)]
 17273 | D:11     | Noticed Josephine
 17282 | D:11     | Killed Josephine
 17458 | D:11     | Found a staircase to the Orcish Mines.
 18529 | D:12     | Mangled by a very large slime creature

Levels and vault maps discovered:
D:1:      minmay_arrival_solitary_statue, layout_basic, solitary_fountain
D:2:      layout_basic, grunt_dithmenos_smoke_and_mirrors
D:3:      layout_basic, lemuel_round_altar
D:4:      layout_loops_ring
D:5:      layout_basic, first_ration
D:6:      layout_rooms, minmay_temple_entry_mist, enter_ossuary_3,
          serial_undead, serial_undead_c, serial_undead_d, serial_undead_e,
          serial_undead_b, uniq_prince_ribbit1
D:7:      layout_gridville, grunt_temple_overflow_open, serial_shops, shop,
          nicolae_shop_crystal, nicolae_shop_trees, shop, shop_coins,
          abandoned_shop, grunt_ministairs_13, minmay_fountain_box, the_bakery,
          uniq_joseph, uniq_pikel
D:8:      layout_basic, gammafunk_ghost_wrathful_warriors, sword_in_stone
D:9:      layout_roguey, lemuel_mausoleum_altar_kikubaaqudgha
D:10:     layout_basic, due_lair_maze_entry_diamond
D:11:     layout_cave_pools, erik_orc_1, portal_ice_cave_entry_pillars_1,
          st_stairs_14, grunt_ministairs_11, uniq_grum, uniq_erolcha,
          uniq_gastronok, uniq_josephine
D:12:     layout_loops_ring, chequers_serial_rivers_micro_b
Temple:   dpeg_five_rooms_temple
Lair:1:   wander_river, layout_cave_pods
Lair:2:   layout_regular_city, spider_nest_entry_funnel_web, basic_altar,
          lemuel_fruit_tree, grunt_megastairs_4
Lair:3:   layout_hall_layers, lemuel_old_faithful
Lair:4:   layout_loops_ring, shoals_dummy_entry, special_room
          [special_room_bee], minivault_23, uniq_kirke
Lair:5:   regret_index_wax_grids, layout_gridlike, pf_torpor_hydra
Lair:6:   gammafunk_lair_ancient_temple, layout_gridlike, slime_altar_1,
          gammafunk_ghost_necromancy, lemuel_fruit_fields

Skill      XL: |  1  2  3  4  5  6  7  8  9 10 11 12 13 14 |
---------------+-------------------------------------------+-----
Fighting       | 3 4 5 6 7 9 10 11 | 11.8
Axes           | 3 4 5 6 7 9 10 11 12 13 14 | 14.3
Armour         | 4 5 6 8 9 10 11 12 13 14 | 14.4
Shields        | 4 5 6 7 8 9 10 | 10.9
Invocations    | 3 7 9 11 12 | 12.9
Evocations     | 3 |  3.2

Action                   |  1- 3 |  4- 6 |  7- 9 | 10-12 | 13-15 || total
-------------------------+-------+-------+-------+-------+-------++-------
Melee: War axe           |   131 |   188 |   340 |   586 |   907 ||  2152
       Mace              |       |       |       |   103 |   106 ||   209
Throw: Stone             |    18 |    72 |    38 |    11 |     5 ||   144
       Dart              |     2 |       |       |       |       ||     2
Invok: Lesser Servant of |       |       |       |     4 |     4 ||     8
 Abil: Heal Wounds       |       |       |     3 |     1 |     6 ||    10
Evoke: Wand              |       |       |       |     1 |     4 ||     5
  Use: Scroll            |       |     9 |     8 |    15 |     6 ||    38
       Potion            |       |       |     5 |     3 |    10 ||    18
 Stab: Distracted        |       |       |       |     1 |       ||     1
  Eat: Chunk             |     2 |     9 |     7 |    17 |     8 ||    43
       Ration            |       |       |     1 |     1 |     3 ||     5
Armor: Scale mail        |    38 |       |       |       |       ||    38
       Plate armour      |    59 |   154 |   190 |   397 |   160 ||   960
       Swamp dragon scal |       |       |       |       |   252 ||   252
Dodge: Dodged            |    39 |    27 |    42 |   220 |   319 ||   647
Block: Shield            |    77 |    95 |   165 |   495 |   550 ||  1382
       Large shield      |       |       |       |       |   130 ||   130

Table legend:
 A = Non-vault XP
 B = Vault XP
 C = Vault XP percentage of total XP
 D = Non-vault monster count
 E = Vault monster count
 F = Vault count percentage of total count
                 A         B        C        D         E       F
            +---------+---------+-------+---------+---------+-------
      Total |   56372 |   38892 |  40.8 |     421 |     228 |  35.1
            +---------+---------+-------+---------+---------+-------
        D:1 |      34 |       0 |   0.0 |      20 |       0 |   0.0
        D:2 |      98 |       0 |   0.0 |      28 |       0 |   0.0
        D:3 |     230 |       0 |   0.0 |      28 |       0 |   0.0
        D:4 |     210 |       0 |   0.0 |      13 |       0 |   0.0
        D:5 |     331 |       0 |   0.0 |      15 |       0 |   0.0
        D:6 |     700 |     533 |  43.2 |      20 |      11 |  35.5
        D:7 |     852 |     779 |  47.8 |      24 |       4 |  14.3
        D:8 |     863 |    1102 |  56.1 |      26 |       7 |  21.2
        D:9 |    1287 |     581 |  31.1 |      20 |      12 |  37.5
       D:10 |    5695 |    1700 |  23.0 |      28 |      11 |  28.2
       D:11 |    3061 |    6220 |  67.0 |      31 |      32 |  50.8
       D:12 |    8606 |       0 |   0.0 |      41 |       0 |   0.0
     Lair:1 |    3199 |       0 |   0.0 |      13 |       0 |   0.0
     Lair:2 |    4781 |    1916 |  28.6 |      20 |      11 |  35.5
     Lair:3 |    1567 |       0 |   0.0 |       6 |       0 |   0.0
     Lair:4 |    7702 |    4731 |  38.1 |      28 |      22 |  44.0
     Lair:5 |    6315 |   10646 |  62.8 |      25 |      56 |  69.1
     Lair:6 |   10841 |   10282 |  48.7 |      35 |      25 |  41.7
    Ossuary |       0 |     402 | 100.0 |       0 |      37 | 100.0
            +---------+---------+-------+---------+---------+-------
